 Dungeon Crawl Stone Soup version 0.30-a0-782-ge64f9170bb (webtiles) character file.

Game seed: 1999459770108168255

353 HoaS the Shooter (level 6, -4/48 HPs)
             Began as a Demigod Hunter on Feb 18, 2023.
             Succumbed to a goblin's poison
             ... on level 3 of the Dungeon.
             The game lasted 00:04:11 (1719 turns).

HoaS the Shooter (Demigod Hunter)                   Turns: 1719, Time: 00:04:12

Health: -4/48      AC:  4    Str: 12    XL:     6   Next: 12%
Magic:  8/8        EV: 12    Int: 11    God:
Gold:   82         SH:  0    Dex: 25    Spells: 5/5 levels left

rFire   . . .      SeeInvis .    a - +0 shortbow
rCold   . . .      Faith    .    (shield currently unavailable)
rNeg    . . .      Spirit   .    c - +0 leather armour
rPois   .          Reflect  .    (no helmet)
rElec   .          Harm     .    f - scarf {+Inv}
rCorr   .          Rampage  .    d - +0 pair of gloves
Will    .....                    (no boots)
Stlth   ++                       (no amulet)
HPRegen 0.28/turn                (no ring)
MPRegen 0.11/turn                (no ring)

@: lethally poisoned (-4 -> -25)
A: high MP 1, forlorn, divine attributes
a: Evoke Invisibility


You were on level 3 of the Dungeon.
You visited 1 branch of the dungeon, and saw 3 of its levels.

You collected 82 gold pieces.

Inventory:

Hand Weapons
 a - a +0 shortbow (weapon)
Armour
 c - a +0 leather armour (worn)
 d - a +0 pair of gloves (worn)
 f - a scarf of invisibility (worn)
Jewellery
 l - a ring of ice
 p - a ring of ice
Scrolls
 b - 2 scrolls of immolation
 o - a scroll of identify
Potions
 e - 2 potions of heal wounds
 g - a potion of mutation
 h - 2 potions of magic {unknown}
 i - a potion of might {unknown}
 j - a potion of attraction {unknown}
 k - 2 potions of curing
 m - a potion of berserk rage {unknown}
 n - 2 potions of haste


   Skills:
 - Level 1.7 Fighting
 + Level 7.0 Ranged Weapons
 - Level 1.7 Dodging
 - Level 0.8 Stealth


You had 5 spell levels left.
You didn't know any spells.
Your spell library contained the following spells:

 Spells                   Type           Power      Damage    Failure   Level
 Shock                    Conj/Air       0%         1d3       41%         1
 Swiftness                Air            0%         N/A       80%         3
 Airstrike                Air            0%         2d(0-16)  99%         4


Dungeon Overview and Level Annotations

Branches:
Dungeon (3/15)


Innate Abilities, Weirdness & Mutations

You have an increased reservoir of magic. (+10% MP)
You shall have no god before yourself.
Your divine heritage dramatically boosts your attributes as you level up.


Message History

You are more poisoned.
You shoot an arrow. The arrow barely misses the hobgoblin.
You feel very sick. The hobgoblin barely misses you.
The goblin hits you with a +2 dagger of venom.
You are more poisoned.
You shoot an arrow. The arrow barely misses the hobgoblin.
You feel very sick.
The hobgoblin hits you but does no damage.
The goblin misses you.
You shoot an arrow. The arrow closely misses the hobgoblin.
You feel very sick. The hobgoblin barely misses you.
The goblin hits you but does no damage.
You are more poisoned.
You shoot an arrow. The arrow hits the hobgoblin.
You kill the hobgoblin!
You feel very sick. The goblin hits you but does no damage.
You are more poisoned.
You are too injured to fight recklessly!
You are too injured to fight recklessly!
You are too injured to fight recklessly!
You are too injured to fight recklessly!
You shoot an arrow. The arrow closely misses the goblin.
You feel very sick. The goblin barely misses you.
The goblin hits you but does no damage.
You are lethally poisoned!
You shoot an arrow. The arrow barely misses the goblin.
* * * LOW HITPOINT WARNING * * *
You feel extremely sick.
The goblin hits you with a +2 dagger of venom.
* * * LOW HITPOINT WARNING * * *
You are more poisoned.
You shoot an arrow. The arrow hits the goblin.
The goblin is severely wounded.
* * * LOW HITPOINT WARNING * * *
You feel extremely sick. The goblin misses you.
You shoot an arrow. The arrow closely misses the goblin.
You die...

#.............##.####
#.......#.#....#.####
#.######......#.###....##..
#....<)....)....# ###......
#.#####....)....## ##..#..
#.....###.....#####.....
#..........................
....#.....###.#.##....#..#..
###........@..#..####.##.##.
#.#....#).g.##..<##.##.###
#.#......#..# ##).#.##.# #
#....####.#####......###
#..........)............
#..............##.##.###
#.....#..†.....##.##.###
.........)))............
###.#...)....##.......


You could see a goblin.

Vanquished Creatures
  Sigmund (D:2)
  An orc priest (D:3)
  An iguana (D:3)
  Robin (D:3)
  2 adders (D:2)
  4 adder skeletons (D:2)
  An adder zombie (D:2)
  2 dart slugs (D:1)
  8 orcs (D:3)
  4 ball pythons
  6 bats
  4 endoplasms (D:1)
  A giant cockroach (D:3)
  10 goblins
  9 hobgoblins
  9 jackals (D:1)
  2 quokkas (D:2)
  3 ball python zombies (D:2)
  6 frilled lizards
  A giant cockroach zombie (D:2)
  3 kobolds
  2 quokka zombies (D:2)
  3 rats
84 creatures vanquished.

Notes
Turn   | Place    | Note
-------+----------+-------------------------------------------
     0 | D:1      | HoaS the Demigod Hunter began the quest for the Orb.
     0 | D:1      | Reached XP level 1. HP: 17/17 MP: 3/3
    43 | D:1      | Reached skill level 4 in Ranged Weapons
    66 | D:1      | Reached XP level 2. HP: 17/24 MP: 4/4
   252 | D:1      | Reached XP level 3. HP: 29/29 MP: 5/5
   686 | D:2      | Reached skill level 5 in Ranged Weapons
   835 | D:2      | Reached XP level 4. HP: 36/36 MP: 6/6
   913 | D:2      | Noticed Sigmund
   921 | D:2      | Killed Sigmund
   922 | D:2      | Reached skill level 6 in Ranged Weapons
   922 | D:2      | Reached XP level 5. HP: 41/41 MP: 7/7
  1169 | D:3      | Identified the +8 long sword of Ascent {drain, Str+2}
  1198 | D:3      | Reached XP level 6. HP: 7/48 MP: 8/8
  1521 | D:3      | Reached skill level 7 in Ranged Weapons
  1534 | D:3      | Noticed Robin
  1537 | D:3      | Killed Robin
  1718 | D:3      | HP: 1/48 [poisoned by a goblin]
  1719 | D:3      | Succumbed to a goblin's poison

Illustrated notes

Levels and vault maps discovered:
D:1:      wander_arrival_desolate, layout_rooms, st_stairs_12
D:2:      layout_rooms, serial_undead, serial_undead_f, serial_undead_d,
          serial_undead_b, serial_undead_a, serial_undead_e, serial_undead_d,
          serial_undead_a, serial_undead_c, serial_undead_b, serial_undead_f,
          uniq_sigmund
D:3:      layout_rooms, solitary_fountain, uniq_robin

Skill      XL: |  1  2  3  4  5  6 |
---------------+-------------------+-----
Ranged Weapons | 4 5 6 7 |  7.0
Fighting       | |  1.7
Dodging        | |  1.7
Stealth        | |  0.8

Action                     |  1- 3 |  4- 6 || total
---------------------------+-------+-------++-------
   Fire: Shortbow          |   122 |   121 ||   243
    Use: Scroll            |     3 |     4 ||     7
 Armour: Leather armour    |    21 |    22 ||    43
  Dodge: Dodged            |    34 |    34 ||    68

Table legend: (Time is in decaauts)
 A = Elapsed time spent in this place.
 B = Non-inter-level travel time spent in this place.
 C = Inter-level travel time spent in this place.
 D = Time resting spent in this place.
 E = Time spent auto-exploring this place.
 F = Levels seen in this place.
 G = Mean time per level.
                   A        B        C        D        E       F      G
               +--------+--------+--------+--------+--------+-----+--------+
         Total |   1786 |   1726 |     60 |    458 |    811 |   3 |  595.3 |
       Dungeon |   1786 |   1726 |     60 |    458 |    811 |   3 |  595.3 |
               +--------+--------+--------+--------+--------+-----+--------+

Top non-repeatable levels by time:
     D:1: 710 daAuts
     D:2: 554 daAuts
     D:3: 521 daAuts
